 Dungeon Crawl Stone Soup version 0.27-a0-592-g0306a34022 (webtiles) character file.

Game seed: 9893393908033900358

84 srzhan31 the Caller (level 4, -1/24 HPs)
             Began as a Tengu Summoner on Mar 11, 2021.
             Slain by an adder (2 damage)
             ... on level 3 of the Dungeon.
             The game lasted 00:11:40 (3822 turns).

srzhan31 the Caller (Tengu Summoner)                Turns: 3822, Time: 00:11:41

Health: -1/24      AC:  2    Str:  8    XL:     4   Next: 46%
Magic:  2/9        EV: 12    Int: 17    God:
Gold:   200        SH:  0    Dex: 14    Spells: 5/8 levels left

rFire    . . .     SeeInvis .   l - +0 spear
rCold    . . .     Faith    .   (no shield)
rNeg     . . .     Spirit   .   a - +0 robe
rPois    .         Reflect  .   (helmet restricted)
rElec    .         Harm     .   (no cloak)
rCorr    .         Rampage  .   (no gloves)
Will     .....                  (boots unavailable)
Stlth    ++........             (no amulet)
HPRegen  0.08/turn              (no ring)
MPRegen  0.11/turn              (no ring)

@: lethally poisoned (-1 -> -3)
A: beak, talons 3
a: no special abilities


You were on level 3 of the Dungeon.
You visited 1 branch of the dungeon, and saw 3 of its levels.

You collected 200 gold pieces.

Inventory:

Hand Weapons
 l - a +0 spear (weapon)
Armour
 a - a +0 robe (worn)
Jewellery
 f - a ring of ice
 o - a +4 ring of evasion
Scrolls
 c - 6 scrolls of identify {unknown}
 d - 2 scrolls of teleportation {unknown}
 e - a scroll of fog {unknown}
 g - 2 scrolls of enchant weapon {unknown}
 h - 2 scrolls of enchant armour {unknown}
 k - a scroll of noise {unknown}
 m - a scroll of blinking {unknown}
 n - a scroll of amnesia {unknown}
Potions
 b - 2 potions of curing {unknown}
 i - a potion of flight {unknown}
 j - 2 potions of attraction {unknown}


   Skills:
 * Level 0.8 Fighting
 * Level 1.1 Armour
 * Level 2.3 Dodging
 - Level 2.0 Stealth
 * Level 0.4 Shields
 * Level 2.9 Spellcasting
 * Level 1.2 Conjurations
 * Level 5.5 Summonings


You had 5 spell levels left.
You knew the following spells:

 Your Spells              Type           Power      Damage    Failure   Level
a - Summon Small Mammal   Summ           84%        N/A       1%          1
b - Call Imp              Summ           21%        N/A       2%          2

Your spell library contained the following spells:

 Spells                   Type           Power      Damage    Failure   Level
 Call Canine Familiar     Summ           21%        N/A       5%          3
 Summon Guardian Golem    Hex/Summ       11%        N/A       17%         3
 Summon Ice Beast         Ice/Summ       11%        N/A       50%         4
 Summon Lightning Spire   Summ/Air       11%        N/A       50%         4


Dungeon Overview and Level Annotations

Branches:
Dungeon (3/15)

Altars:
Ashenzari
Cheibriados
Dithmenos
Elyvilon
Gozag
Okawaru
Ru


Innate Abilities, Weirdness & Mutations

You have a beak for a mouth.
You have claws for feet.


Message History

Your crimson imp hits the adder.
You feel sick. Something misses your crimson imp.
Something barely misses your crimson imp.
Your crimson imp blinks!
Casting: Call Imp (safe; 2% risk of failure)
Confirm with . or Enter, or press ? or * to list all spells.
A shadowy apparition takes form in the air.
You feel sick. The adder bites you. The rat bites you.
* * * LOW HITPOINT WARNING * * *
The jackal closely misses your shadow imp.
The jackal bites your shadow imp.
Your crimson imp closely misses the jackal.
Your shadow imp hits the rat.
The rat dies!
The adder barely misses you.
You swap places.
Your crimson imp disappears in a puff of smoke!
The jackal closely misses you. The adder closely misses you.
Your crimson imp closely misses the adder.
Your shadow imp hits the adder.
The jackal bites you.
* * * LOW HITPOINT WARNING * * *
The jackal barely misses your shadow imp.
The jackal bites you.
* * * LOW HITPOINT WARNING * * *
Your shadow imp barely misses the adder.
The jackal misses your shadow imp. The jackal barely misses you.
Your crimson imp closely misses the adder.
Your shadow imp barely misses the jackal.
The adder bites you but does no damage.
* * * LOW HITPOINT WARNING * * *
You feel sick.
Something bites your shadow imp but does no damage.
The jackal barely misses your shadow imp.
The jackal closely misses you. The jackal closely misses you.
* * * LOW HITPOINT WARNING * * *
You feel sick. The jackal bites your shadow imp. The adder bites you.
You die...

.# #.#.h.<#.# .#
#.#....#.#.# .#
#.#..h.....# .##
#.#######.## ..# #.#
.# #.## .# #.# .# #..#
.###'##### .#
##.##.#.......###.##.#
##.##.#.....h55S@....#
...............h.....#
.#..#.####...5.......#
.#....# #......#....#
.#....# #......#....#
.#.#..# ######.#.#..#
.#.#..#########.#.####
.#.#.>..........#..
.#.##.########


You could see an adder (ally target), 2 jackals, a friendly crimson imp
(summoned) and 2 friendly shadow imps.

Vanquished Creatures
  A dart slug (D:3)
  A hobgoblin (D:3)
2 creatures vanquished.

Vanquished Creatures (collateral kills)
  An orc wizard (D:3)
  4 adders (D:2)
  A worm (D:2)
  A dart slug (D:1)
  A leopard gecko (D:2)
  3 orcs
  2 giant cockroaches (D:2)
  10 goblins
  4 hobgoblins
  4 jackals (D:2)
  9 kobolds
  2 quokkas
  10 bats
  4 frilled lizards
  A leopard gecko skeleton (D:2)
  9 rats
66 creatures vanquished.

Grand Total: 68 creatures vanquished

Notes
Turn   | Place    | Note
-------+----------+-------------------------------------------
     0 | D:1      | srzhan31 the Tengu Summoner began the quest for the Orb.
     0 | D:1      | Reached XP level 1. HP: 10/10 MP: 4/4
   386 | D:1      | Reached skill level 5 in Summonings
   496 | D:1      | Reached XP level 2. HP: 14/15 MP: 3/6
   499 | D:1      | Learned a level 2 spell: Call Imp
  1407 | D:2      | Reached XP level 3. HP: 20/20 MP: 1/7
  1475 | D:2      | Found a sacrificial altar of Ru.
  1710 | D:2      | Reached skill level 1 in Armour
  2093 | D:2      | Found an opulent altar of Gozag.
  2095 | D:2      | Found an iron altar of Okawaru.
  2248 | D:2      | Reached skill level 1 in Conjurations
  2468 | D:2      | Found a broken altar of Ashenzari.
  2469 | D:2      | Found a shadowy altar of Dithmenos.
  2759 | D:2      | Found a white marble altar of Elyvilon.
  2759 | D:2      | Found a snail-covered altar of Cheibriados.
  2896 | D:2      | Found a shadowy altar of Dithmenos.
  3066 | D:3      | Reached XP level 4. HP: 24/24 MP: 6/9
  3822 | D:3      | HP: 1/24 [poisoned by an adder]
  3822 | D:3      | Slain by an adder

Illustrated notes

Levels and vault maps discovered:
D:1:      minmay_arrival_semitransparent, layout_basic
D:2:      layout_loops_ring, nicolae_ru_sacrificial_ziggurat,
          nicolae_overflow_hidden_temple, gammafunk_temple_overflow_statue,
          grunt_decor_arrowhead, nicolae_dithmenos_through_a_glass_darkly
D:3:      layout_basic

Skill      XL: |  1  2  3 |
---------------+----------+-----
Summonings     | 5 |  5.5
Armour         | 1 |  1.1
Conjurations   | 1 |  1.2
Fighting       | |  0.8
Dodging        | |  2.3
Stealth        | |  2.0
Shields        | |  0.4
Spellcasting   | |  2.9

Action                   |  1- 3 |  4- 6 || total
-------------------------+-------+-------++-------
Melee: Unarmed           |     4 |       ||     4
       Spear             |       |     6 ||     6
       Peck              |       |     1 ||     1
 Cast: Summon Small Mamm |    22 |       ||    22
       Call Imp          |    41 |    18 ||    59
 Stab: Sleeping          |       |     1 ||     1
Armor: Robe              |     7 |     1 ||     8
Dodge: Dodged            |    24 |    18 ||    42

Table legend: (Time is in decaauts)
 A = Elapsed time spent in this place.
 B = Non-inter-level travel time spent in this place.
 C = Inter-level travel time spent in this place.
 D = Time resting spent in this place.
 E = Time spent auto-exploring this place.
 F = Levels seen in this place.
 G = Mean time per level.
                   A        B        C        D        E       F      G
               +--------+--------+--------+--------+--------+-----+--------+
         Total |   3822 |   3796 |     26 |      0 |   2805 |   3 | 1274.0 |
       Dungeon |   3822 |   3796 |     26 |      0 |   2805 |   3 | 1274.0 |
               +--------+--------+--------+--------+--------+-----+--------+

Top non-repeatable levels by time:
     D:2: 1703 daAuts
     D:1: 1316 daAuts
     D:3: 802 daAuts
